 Dungeon Crawl Stone Soup version 0.30.1-4-g462c640d31 (webtiles) character file.

Game seed: 10719667658279177252

249 safid the Chiller (level 6, -6/47 HPs)
             Began as a Merfolk Ice Elementalist on Sept 7, 2023.
             Killed from afar by Sigmund (7 damage)
             ... with a magic dart
             ... on level 4 of the Dungeon.
             The game lasted 00:03:54 (3753 turns).

safid the Chiller (Merfolk Ice Elementalist)        Turns: 3753, Time: 00:03:54

Health: -6/47      AC:  2    Str:  8    XL:     6   Next: 12%
Magic:  3/11       EV: 12    Int: 16    God:
Gold:   122        SH:  0    Dex: 15    Spells: 8/12 levels left

rFire   . . .        i - +0 short sword
rCold   . . .        (no shield)
rNeg    . . .        a - +0 robe
rPois   .            (no helmet)
rElec   .            (no cloak)
rCorr   .            (no gloves)
SInv    .            (no boots)
Will    .....        (no amulet)
Stlth   ++           (no ring)
HPRegen 0.27/turn    (no ring)
MPRegen 0.12/turn

%: no passive effects
@: freezing walls
A: (nimble swimmer 2), mertail
a: no special abilities


You were on level 4 of the Dungeon.
You visited 1 branch of the dungeon, and saw 4 of its levels.

You collected 146 gold pieces.
You spent 24 gold pieces at shops.

Inventory:

Hand Weapons
 i - a +0 short sword (weapon)
Missiles
 l - a throwing net
Armour
 a - a +0 robe (worn)
Jewellery
 j - a ring of protection from fire
Scrolls
 e - 3 scrolls of identify
 f - 2 scrolls of immolation {unknown}
 h - 2 scrolls of noise {unknown}
 k - a scroll of acquirement {unknown}
 n - a scroll of teleportation {unknown}
 p - a scroll of brand weapon {unknown}
 r - a scroll of poison {unknown}
 t - a scroll of fog {unknown}
Potions
 b - a potion of magic
 c - 3 potions of heal wounds {unknown}
 d - 2 potions of degeneration {unknown}
 g - a potion of brilliance {unknown}
 m - a potion of haste {unknown}
 o - a potion of flight {unknown}
 q - a potion of ambrosia {unknown}
 s - a potion of curing {unknown}


   Skills:
 + Level 3.5 Fighting
 - Level 2.6 Dodging
 - Level 2.1 Stealth
 + Level 3.6 Spellcasting
 + Level 5.7 Ice Magic


You had 8 spell levels left.
You knew the following spells:

 Your Spells              Type           Power      Damage    Failure   Level
a - Freeze                Ice            84%        1d9       1%          1
b - Frozen Ramparts       Ice            42%        1d7       4%          3

Your spell library contained the following spells:

 Spells                   Type           Power      Damage    Failure   Level
 Ozocubu's Armour         Ice            21%        N/A       4%          3
 Summon Ice Beast         Ice/Summ       12%        N/A       47%         4


Dungeon Overview and Level Annotations

Branches:
Dungeon (4/15)
 Temple: D:4-7

Altars:
Trog
Xom

Shops:
D:1 *

Annotations:
D:4 Sigmund


Innate Abilities, Weirdness & Mutations

((You are very nimble when in or above water. (Stealth+, EV+, Speed+++)))
Your lower body shifts to a powerful aquatic tail in water.


Message History

Unknown command.
You hit the adder. Your punch misses the adder.
The adder is heavily wounded.
The wall freezes the adder.
The adder seems to slow down.
The wall freezes the adder.
You kill the adder!
The wall freezes the adder.
Unknown command.
You closely miss the adder.
The adder is severely wounded.
The frozen ramparts melt away.
Something hits you but does no damage.
Unknown command.
Casting: Frozen Ramparts (dangerous; 4% risk of failure)
Confirm with . or Enter, or press ? or * to list all spells.
Casting: Frozen Ramparts (dangerous; 4% risk of failure)
Press: ? - help, Dir - look around, f - activate The walls around you are covered in ice.
The wall freezes the adder.
The adder bites you but does no damage.
The wall freezes the ball python.
The ball python seems to slow down.
A gnoll comes into view. It is wielding a +0 whip.
Unknown command.
You hit the adder.
You kill the adder!
The wall freezes something.
Something hits you.
* * * LOW HITPOINT WARNING * * *
The wall freezes the ball python.
You kill the ball python!
The gnoll throws a throwing net.
The throwing net hits you.
You become entangled in the net!
You struggle against the net.
The wall freezes something!
Something hits you!
* * * LOW HITPOINT WARNING * * *
You struggle against the net.
You tear a large gash into the net.
The wall freezes something.
Something hits you.
* * * LOW HITPOINT WARNING * * *
Unknown command.
You rip the net and break free!
The wall freezes something.
A magic dart appears from out of thin air!
The magic dart hits you!
You die...

. #.## .... .#.
...# .... ..
..##..# .(... ...
.....####.?...
...###....
....... ......g.#
......[
........##)......
#...)@){#
##...##w......
#...# ##.....
#<..# .... ###.#
... ..# .. ..# g
#... ##.#


You could see a worm and a gnoll.

Vanquished Creatures
  An orc priest (D:3)
  Jessica (D:2)
  An iguana (D:4)
  Robin (D:4)
  6 adders
  4 worms
  A dart slug (D:1)
  3 orcs (D:3)
  8 ball pythons
  7 bats
  6 endoplasms
  2 giant cockroaches
  8 goblins
  9 hobgoblins
  15 jackals
  5 kobolds
  2 quokkas (D:3)
  A frilled lizard (D:3)
  3 rats
84 creatures vanquished.

Notes
Turn   | Place    | Note
-------+----------+-------------------------------------------
     0 | D:1      | safid the Merfolk Ice Elementalist began the quest for the
                  | Orb.
     0 | D:1      | Reached XP level 1. HP: 13/13 MP: 3/3
   275 | D:1      | Reached XP level 2. HP: 6/20 MP: 3/5
   378 | D:1      | Reached skill level 1 in Fighting
   749 | D:1      | Found a faded altar of an unknown god.
   947 | D:1      | Reached XP level 3. HP: 22/26 MP: 2/6
   953 | D:1      | Learned a level 3 spell: Frozen Ramparts
  1423 | D:1      | Found Eceosk's General Store.
  1426 | D:1      | Bought a scroll of identify for 24 gold pieces
  1528 | D:2      | Noticed Jessica
  1537 | D:2      | Killed Jessica
  1602 | D:2      | Reached XP level 4. HP: 10/33 MP: 3/8
  1731 | D:2      | Reached skill level 5 in Ice Magic
  2645 | D:3      | Reached XP level 5. HP: 39/39 MP: 5/9
  3294 | D:3      | Found a bloodstained altar of Trog.
  3557 | D:3      | Found a shimmering altar of Xom.
  3724 | D:4      | Noticed Robin
  3739 | D:4      | Noticed Sigmund
  3743 | D:4      | Killed Robin
  3744 | D:4      | Reached XP level 6. HP: 19/47 MP: 5/11
  3752 | D:4      | HP: 1/47 [something (3)]
  3753 | D:4      | Killed from afar by Sigmund

Illustrated notes

Levels and vault maps discovered:
D:1:      amcnicky_arrival_flooded_fountain, layout_basic, serial_shops,
          nicolae_shop_tiny_real_fake_doors, shapermc_ecumenical_altar_gd,
          minmay_misc_feat_tiny
D:2:      layout_basic, minivault_4, uniq_jessica
D:3:      layout_basic, lemuel_doored_altar, mainiacjoe_overflow_alcove_2,
          hex_large
D:4:      layout_rooms, kennysheep_mini, mainiacjoe_overflow_chevrons,
          kennysheep_little_box, slow_altar_2, uniq_sigmund, uniq_pikel,
          uniq_robin, uniq_crazy_yiuf_cottage

Skill      XL: |  1  2  3  4  5 |
---------------+----------------+-----
Fighting       | 1 2 3 |  3.5
Ice Magic      | 5 |  5.7
Spellcasting   | 3 |  3.6
Dodging        | |  2.6
Stealth        | |  2.1

Action                     |  1- 3 |  4- 6 || total
---------------------------+-------+-------++-------
  Melee: Unarmed           |    19 |       ||    19
         Short sword       |    41 |   117 ||   158
   Cast: Freeze            |    30 |    39 ||    69
         Frozen Ramparts   |     2 |     7 ||     9
   Stab: Sleeping          |     2 |     3 ||     5
 Armour: Robe              |    23 |    28 ||    51
  Dodge: Dodged            |    63 |    91 ||   154
